 Dungeon Crawl Stone Soup version 0.17.1-3-g152610e (webtiles) character file.

56501 jacquesderrida the Summoner (level 14, -5/103 HPs)
             Began as a Demonspawn Summoner on Apr 26, 2016.
             Was an Elder of Ashenzari.
             Slain by a deep elf knight
             ... wielding a +0 long sword
              (7 damage)
             ... on level 1 of the Elven Halls.
             The game lasted 01:22:54 (12181 turns).

jacquesderrida the Summoner (Demonspawn Summoner)  Turns: 12181, Time: 01:22:54

Health: -5/103     AC: 19    Str: 16    XL:     14   Next: 42%
Magic:  4/28       EV: 16    Int: 23    God:    Ashenzari [****..]
Gold:   281        SH:  5    Dex: 18    Spells: 6 memorised, 13 levels left

rFire  . . .     SeeInvis +     v - +2 long sword (flame) (curse)
rCold  + + .     Clarity  +     z - +3 leather armour of Too Many Cooks {MR++} (curse)
rNeg   + + .     SustAt   .     C - +1 buckler of Lugonu's Esteem {rC+ Int+3}
rPois  .         Gourm    .     F - +2 helmet "Fageul" {Dex+4}
rElec  .         Spirit   .     E - +1 cloak (curse)
rCorr  .         Warding  .     (no gloves)
rMut   .         Stasis   .     t - +0 pair of boots
MR     +++..                    b - amulet of regeneration
Stlth  ++........               o - ring "Teluosapp" {rN++ Int+3}
                                A - ring of wizardry (curse)

@: mighty, starving, extremely resistant to hostile enchantments, unstealthy
A: hooves 2, rough black scales 2, cold resistance 1, demonic guardian 1,
freezing cloud immunity
a: Scrying, Renounce Religion


You were on level 1 of the Elven Halls.
You worshipped Ashenzari.
Ashenzari was greatly pleased with you.
You were starving.

You visited 5 branches of the dungeon, and saw 24 of its levels.
You also visited: Bailey and Ice Cave.

You collected 2048 gold pieces.
You spent 1767 gold pieces at shops.

Inventory:

Hand Weapons
 c - a +5 demon trident of electrocution
 r - a +0 great sword
 v - a cursed +2 long sword of flaming (weapon)
Armour
 t - a +0 pair of boots (worn)
 z - the cursed +3 leather armour of Too Many Cooks (worn) {MR++}
   (You bought it in a shop on level 4 of the Dungeon)

   It affects your resistance to hostile enchantments.
   It has a curse placed upon it.
 C - the +1 buckler of Lugonu's Esteem (worn) {rC+ Int+3}
   (You found it on level 7 of the Dungeon)

   It affects your intelligence (+3).
   It protects you from cold.
 E - a cursed +1 cloak (worn)
 F - the +2 helmet "Fageul" (worn) {Dex+4}
   (You bought it in a shop on level 4 of the Orcish Mines)

   It affects your dexterity (+4).
Jewellery
 b - an amulet of regeneration (around neck)
 o - the ring "Teluosapp" (right hand) {rN++ Int+3}
   (You found it in an ice cave)

   [ring of intelligence]

   It affects your intelligence (+3).
   It greatly protects you from negative energy.
 p - an uncursed ring of flight
 q - a +3 ring of evasion
 u - an uncursed ring of teleportation
 A - a cursed ring of wizardry (left hand)
 B - an uncursed amulet of the gourmand
 W - an uncursed ring of protection from magic
Wands
 j - a wand of disintegration (4)
 k - a wand of paralysis (10)
 s - a wand of teleportation (3)
 K - a wand of fire (0)
 S - a wand of draining (3)
 T - a wand of teleportation (5)
Scrolls
 g - 3 scrolls of magic mapping
 h - 2 scrolls of recharging
 n - 6 scrolls of immolation
 x - 2 scrolls of enchant armour
 y - 5 scrolls of remove curse
 G - 2 scrolls of teleportation
 I - a scroll of fear
 M - 3 scrolls of curse weapon
 N - 3 scrolls of enchant weapon
 Q - 2 scrolls of curse jewellery
 R - a scroll of brand weapon
 U - a scroll of amnesia
 X - 3 scrolls of identify
Potions
 a - a potion of agility
 d - 3 potions of magic
 e - a potion of haste
 i - 4 potions of brilliance
 m - 4 potions of curing
 D - a potion of resistance
 O - 5 potions of might
 V - a potion of berserk rage
Books
 H - a book of Enchantments

   Spells                             Type                      Level
   a - Cause Fear                     Hexes                        4
   b - Silence                        Hexes/Air                    5
   c - Deflect Missiles               Charms/Air                   6
   d - Haste                          Charms                       6
   e - Discord                        Hexes                        8
Miscellaneous
 w - a lamp of fire
 Z - a sack of spiders
Comestibles
 f - 7 meat rations
 J - 4 chunks of flesh
 L - a slice of pizza


   Skills:
 + Level 7.5 Fighting
 - Level 10.9(14.1) Long Blades
 + Level 3.6 Armour
 + Level 7.2 Dodging
 - Level 1.7 Stealth
 + Level 10.0 Spellcasting
 - Level 5.3 Charms
 + Level 14.1 Summonings
   Level 6.4 Necromancy


You had 13 spell levels left.
You knew the following spells:

 Your Spells              Type           Power        Failure   Level  Hunger
a - Monstrous Menagerie   Summ           ######....   2%          6    ######.
b - Summon Ice Beast      Ice/Summ       #####...     3%          4    #......
c - Call Canine Familiar  Summ           ######..     1%          3    None
d - Summon Guardian Gole  Hex/Summ       #####...     1%          3    None
e - Call Imp              Summ           ######..     1%          2    None
m - Repel Missiles        Chrm/Air       ###...       3%          2    None


Dungeon Overview and Level Annotations

Branches:
Dungeon (10/15)            Temple (1/1) D:6            Lair (8/8) D:10
  Swamp (0/4) Lair:5        Snake (0/4) Lair:4        Slime (0/6) Lair:8
    Orc (4/4) D:10            Elf (1/3) Orc:3

Altars:
Ashenzari
Cheibriados
Dithmenos
Elyvilon
Fedhas
Gozag
Kikubaaqudgha
Makhleb
Nemelex Xobeh
Okawaru
Qazlal
Ru
Sif Muna
Vehumet
Xom
Yredelemnul
The Shining One
Beogh
Jiyva

Shops:
D:4 *=[!(   D:9 (   Orc:3 =(=   Orc:4 }%?:[   Elf:1 ?

Portals:
Pandemonium: Orc:4

Annotations:
D:2 dig
D:3 Sigmund
D:4 pedritolo's ghost, amateur VSTm
Orc:3 Nessos


Innate Abilities, Weirdness & Mutations

You have hoof-like feet.
You are mostly covered in rough black scales (AC +7, Dex -2).
Your flesh is cold resistant.
A weak demonic guardian rushes to your aid.
You are immune to freezing clouds.


Message History

Unknown command.
You miss the deep elf knight.
The deep elf knight is severely wounded.
The deep elf knight hits you with a long sword.
* * * LOW HITPOINT WARNING * * *
Unknown command.
You slash the deep elf knight! You burn the deep elf knight.
The deep elf knight is almost dead.
The deep elf knight hits you with a long sword!
* * * LOW HITPOINT WARNING * * *
Unknown command.
Drink which item? (? for menu, Esc to quit)
You feel better.
The deep elf knight hits you but does no damage.
Drink which item? (? for menu, Esc to quit)
You feel better.
The deep elf knight hits you with a long sword!
* * * LOW HITPOINT WARNING * * *
The deep elf knight hits you with a long sword!
You die...

##.....##.k)....#...##.
#.....###..###.##*..##.#
#.)######..##.#.## .##..
###''#####...#...... ###.
#....H.)...e..#. ...$ #.
#......).....#...?#### #.
#[###)#.###k###..## #.
##)###(###e#$##..# #.
#.)(..)..@.H....$# #.
#...............## #.
###''####################.
#..# ### *#........
#..#####.# #+.∩######
#........# #.....####
########.# #.....'... #.#
#.....#### #.# ##+.###


You could see a deep elf knight (invisible), a friendly lindwurm and a friendly
harpy.

Vanquished Creatures
  A deep elf sorcerer (Elf:1)
  The ghost of ThereIsNoGod the Blocker, a novice MiFi of Okawaru (D:10)
  3 orc high priests
  A deep elf knight (Elf:1)
  A hill giant (D:10)
  A lindwurm (Lair:6)
  2 orc knights
  4 orc sorcerers
  2 spiny frogs (Lair:8)
  A torpor snail (Lair:8)
  A polar bear (Lair:4)
  A troll (D:9)
  4 blink frogs
  7 yaks
  Eustachio (D:6)
  2 deep elf magi (Elf:1)
  6 deep elf fighters (Elf:1)
  A basilisk (Lair:5)
  2 hippogriffs
  A wolf (Lair:7)
  3 water moccasins
  A vampire mosquito (Lair:8)
  A porcupine (Lair:4)
  5 orc warriors
  9 ice beasts
  A sky beast (D:8)
  An ogre (D:4)
  A necrophage (D:7)
  4 centaurs
  3 crocodiles
  7 giant frogs
  4 wights (D:7)
  An electric eel (Lair:8)
  3 killer bees (D:9)
  3 crimson imps
  A giant frog skeleton (D:8)
  3 orc wizards
  A hound (D:7)
  A centaur skeleton (D:6)
  3 iguanas
  4 worker ants
  7 sheep
  4 orc priests
  A hound skeleton (D:8)
  An adder (D:9)
  6 gnolls (Bailey)
  23 river rats
  2 shadow imps (D:7)
  An ooze (D:7)
  An adder skeleton (D:9)
  An adder zombie (D:7)
  2 giant geckos
  31 orcs
  9 hobgoblins
  2 quokkas
  4 bats
  A giant gecko zombie (D:5)
  3 giant newts
  A jackal skeleton (D:5)
  5 kobolds
  8 rats
216 creatures vanquished.

Vanquished Creatures (collateral kills)
  Rupert (Orc:3)
  Agnes (Elf:1)
  Donald (Orc:3)
  A deep elf death mage (Elf:1)
  2 ice dragons (IceCv)
  4 hydras
  6 death yaks (Lair:8)
  3 orc high priests (Orc:4)
  An ice devil (Orc:4)
  5 deep elf knights (Elf:1)
  A torturous demonspawn (Orc:4)
  An infernal demonspawn (Orc:4)
  A gelid demonspawn (Orc:4)
  A deep elf summoner (Elf:1)
  4 orc sorcerers (Orc:4)
  A hill giant (D:10)
  3 orc knights (Orc:4)
  4 deep elf conjurers (Elf:1)
  5 elephants (Lair:8)
  A rust devil (Orc:4)
  2 ice statues (IceCv)
  25 spiny frogs
  4 black mambas (Lair:4)
  A smoke demon (Orc:4)
  A blue devil (Orc:4)
  A hellwing (Orc:4)
  2 komodo dragons
  A deep elf priest (Elf:1)
  A troll (Orc:3)
  2 fire drakes
  2 polar bears
  3 giant leeches (Lair:8)
  26 blink frogs
  2 basilisks
  7 deep elf magi (Elf:1)
  22 yaks
  8 deep elf fighters
  7 vampire mosquitoes (Lair:8)
  11 wolves
  2 hippogriffs
  5 wargs
  A soldier ant (Lair:1)
  19 orc warriors
  14 water moccasins
  A sky beast (D:9)
  A phantom (D:4)
  6 porcupines
  19 ice beasts
  A wasp (D:10)
  3 ogres
  7 crocodiles
  12 giant frogs
  A wight (D:7)
  2 scorpions
  A centaur zombie (D:5)
  2 giant frog zombies
  A hound (D:8)
  Crazy Yiuf (D:5)
  2 jellies
  4 worker ants
  18 orc priests
  4 iguanas
  Terence (D:3)
  14 orc wizards
  11 sheep
  2 hound skeletons
  5 adders
  7 gnolls (Bailey)
  25 river rats
  3 oozes (D:4)
  A worm (D:3)
  2 adder skeletons
  An adder zombie (D:5)
  5 giant geckos
  60 orcs
  3 giant cockroaches
  A goblin (D:1)
  7 hobgoblins
  5 kobolds
  2 quokkas
  A ball python (Lair:4)
  4 bats
  2 giant newts
  8 rats
  4 plants
476 creatures vanquished.

Vanquished Creatures (others)
  A deep elf fighter (Elf:1)
  20 fungi
  5 plants
26 creatures vanquished.

Grand Total: 718 creatures vanquished

Notes
Turn   | Place    | Note
--------------------------------------------------------------
     0 | D:1      | jacquesderrida the Demonspawn Summoner began the quest for the Orb.
     0 | D:1      | Reached XP level 1. HP: 13/13 MP: 3/3
   417 | D:1      | Gained mutation: You have large cloven feet. [demonic ancestry]
   417 | D:1      | Reached XP level 2. HP: 13/19 MP: 1/5
   436 | D:2      | Found a sparkling altar of Nemelex Xobeh.
   450 | D:2      | Learned a level 2 spell: Call Imp
   696 | D:2      | Found a glowing golden altar of the Shining One.
   713 | D:3      | Noticed Sigmund
   768 | D:3      | Noticed Terence
   778 | D:3      | Killed Terence
   778 | D:3      | Reached skill level 5 in Summonings
   778 | D:3      | Gained mutation: You are partially covered in rough black scales (AC +4, Dex -1). [demonic ancestry]
   778 | D:3      | Reached XP level 3. HP: 18/24 MP: 4/6
   784 | D:3      | Learned a level 3 spell: Call Canine Familiar
  1061 | D:4      | Found a viscous altar of Jiyva.
  1116 | D:4      | Gained mutation: You are mostly covered in rough black scales (AC +7, Dex -2). [demonic ancestry]
  1116 | D:4      | Reached XP level 4. HP: 17/30 MP: 1/7
  1280 | D:4      | Noticed a phantom
  1376 | D:4      | Reached skill level 6 in Summonings
  1408 | D:4      | Killed a phantom
  1408 | D:4      | Reached XP level 5. HP: 35/35 MP: 2/8
  1418 | D:4      | Found Ydific's Armour Shop.
  1437 | D:4      | Found Eda Gynk's Assorted Antiques.
  1454 | D:4      | Noticed an ogre
  1510 | D:4      | Noticed pedritolo's ghost (amateur VSTm)
  1514 | D:4      | Killed an ogre
  1514 | D:4      | Reached skill level 7 in Summonings
  1637 | D:4      | Found Xouh's Jewellery Shoppe.
  1657 | D:4      | Found Hiolesud's Distillery.
  1660 | D:4      | Bought a potion of curing for 30 gold pieces
  1722 | D:4      | Found Wenaz's Antique Weapon Emporium.
  1730 | D:4      | Bought a glowing long sword for 73 gold pieces
  1792 | D:5      | Entered Level 5 of the Dungeon
  1942 | D:5      | Reached skill level 1 in Long Blades
  1942 | D:5      | Reached XP level 6. HP: 22/41 MP: 2/9
  2110 | D:5      | Found a sparkling altar of Nemelex Xobeh.
  2185 | D:5      | Noticed Crazy Yiuf
  2216 | D:5      | Killed Crazy Yiuf
  2255 | D:6      | Learned a level 3 spell: Summon Guardian Golem
  2268 | D:6      | Found a staircase to the Ecumenical Temple.
  2278 | Temple   | Entered the Ecumenical Temple
  2445 | D:6      | Noticed Eustachio
  2459 | D:6      | Killed Eustachio
  2711 | D:7      | Gained mutation: Your flesh is cold resistant. [demonic ancestry]
  2711 | D:7      | Reached XP level 7. HP: 39/46 MP: 8/10
  2827 | D:4      | Bought an ichor-stained leather armour for 175 gold pieces
  2837 | D:4      | Identified the +3 leather armour of Too Many Cooks {MR++} (You bought it in a shop on level 4 of the Dungeon)
  2837 | D:4      | NOIS
  3053 | D:7      | Reached skill level 8 in Summonings
  3119 | D:7      | Got a pitted buckler
  3125 | D:7      | Identified the +1 buckler of Lugonu's Esteem {rC+ Int+3} (You found it on level 7 of the Dungeon)
  3125 | D:7      | NOIS
  3376 | D:8      | Learned a level 2 spell: Repel Missiles
  3508 | D:8      | Reached XP level 8. HP: 42/52 MP: 11/11
  3634 | D:7      | Reached skill level 9 in Summonings
  3753 | D:7      | Reached skill level 5 in Long Blades
  3902 | D:9      | Learned a level 4 spell: Summon Ice Beast
  3905 | D:9      | Noticed a molten gargoyle
  3906 | D:9      | Noticed a molten gargoyle
  3954 | D:9      | Noticed a troll
  3971 | D:9      | Killed a troll
  3975 | D:9      | Gained mutation: You are immune to freezing clouds. [demonic ancestry]
  3975 | D:9      | Reached XP level 9. HP: 26/56 MP: 4/15
  4001 | D:9      | Found a deep blue altar of Sif Muna.
  4006 | D:9      | Found a white marble altar of Elyvilon.
  4009 | D:9      | Found a basalt altar of Yredelemnul.
  4028 | D:9      | Found a shimmering altar of Xom.
  4110 | D:9      | Reached skill level 5 in Spellcasting
  4110 | D:9      | Reached skill level 10 in Summonings
  4252 | D:9      | Noticed a molten gargoyle
  4296 | D:9      | Noticed a molten gargoyle
  4296 | D:9      | WOW FUCK OFF
  4296 | D:9      | PLS!!
  4417 | D:9      | Found an iron altar of Okawaru.
  4430 | D:9      | Found a flagged portal.
  4436 | D:9      | Found Kyzonoi's Weapon Emporium.
  4438 | D:9      | Got a jewelled hand axe
  4441 | Bailey   | Entered a bailey
  4554 | Bailey   | Noticed an orc knight
  4699 | Bailey   | Killed an orc knight
  5010 | D:9      | Found a radiant altar of Vehumet.
  5022 | D:9      | Found a shattered altar of Ashenzari.
  5026 | D:9      | Became a worshipper of Ashenzari the Shackled
  5220 | D:10     | Entered Level 10 of the Dungeon
  5354 | D:4      | Bought a scroll labeled MAFIZX UVUEFA for 25 gold pieces
  5354 | D:4      | Bought a sedimented puce potion for 22 gold pieces
  5354 | D:4      | Bought a lumpy garnet amulet for 125 gold pieces
  5517 | D:10     | Reached XP level 10. HP: 63/63 MP: 16/19
  5525 | D:10     | Learned a level 6 spell: Monstrous Menagerie
  5563 | D:10     | Found a staircase to the Orcish Mines.
  5569 | D:10     | Noticed ThereIsNoGod's ghost (novice MiFi)
  5649 | D:10     | Killed ThereIsNoGod's ghost
  5807 | D:10     | Noticed a hill giant
  5863 | D:10     | Killed a hill giant
  5863 | D:10     | Reached skill level 11 in Summonings
  5928 | D:10     | Reached skill level 1 in Fighting
  5964 | D:10     | Found a staircase to the Lair.
  6001 | D:10     | Noticed a hill giant
  6013 | D:10     | Killed a hill giant
  6035 | Lair:1   | Entered Level 1 of the Lair of Beasts
  6211 | Lair:1   | Found an opulent altar of Gozag.
  6425 | Lair:2   | Found a frozen archway.
  6472 | IceCv    | Entered an ice cave
  6539 | IceCv    | Reached XP level 11. HP: 70/77 MP: 6/21
  6617 | IceCv    | Reached * piety under Ashenzari
  6617 | IceCv    | Noticed an ice dragon
  6617 | IceCv    | Noticed an ice dragon
  6618 | IceCv    | Identified the ring "Teluosapp" {rN++ Int+3}
  6626 | IceCv    | Killed an ice dragon
  6626 | IceCv    | Reached skill level 12 in Summonings
  6632 | IceCv    | Killed an ice dragon
  6647 | IceCv    | Identified the ring "Adoil" {+Fly rF- MP+9 Stlth-}
  6962 | Lair:3   | Reached skill level 5 in Fighting
  6989 | Lair:3   | Noticed a seven-headed hydra
  6995 | Lair:3   | Killed a six-headed hydra
  7000 | Lair:3   | HP: 1/80 [spiny frog (18)]
  7007 | Lair:3   | DENGITY DENG
  7308 | Lair:4   | Reached skill level 5 in Charms
  7308 | Lair:4   | Reached XP level 12. HP: 46/86 MP: 4/22
  7688 | Lair:5   | Reached ** piety under Ashenzari
  7776 | Lair:5   | Found a staircase to the Swamp.
  8304 | Lair:6   | Reached *** piety under Ashenzari
  8535 | Lair:7   | Reached skill level 10 in Long Blades
  8752 | Lair:8   | Entered Level 8 of the Lair of Beasts
  8761 | Lair:8   | Gained mutation: A weak demonic guardian rushes to your aid. [demonic ancestry]
  8761 | Lair:8   | Reached XP level 13. HP: 67/93 MP: 2/24
  8820 | Lair:8   | Reached skill level 13 in Summonings
  8854 | Lair:8   | Noticed a six-headed hydra
  8951 | Lair:8   | Killed a six-headed hydra
  9004 | Lair:8   | Noticed a four-headed hydra
  9011 | Lair:8   | Killed a four-headed hydra
  9179 | Lair:8   | Reached skill level 5 in Dodging
  9465 | Lair:8   | Noticed a four-headed hydra
  9473 | Lair:8   | Killed a four-headed hydra
  9509 | Lair:8   | Found a viscous altar of Jiyva.
  9509 | Lair:8   | Found a staircase to the Slime Pits.
  9756 | Lair:4   | Found a staircase to the Snake Pit.
 10122 | Orc:1    | Entered Level 1 of the Orcish Mines
 10195 | Orc:2    | Reached **** piety under Ashenzari
 10410 | Orc:3    | Found Wyenugij's Jewellery Emporium.
 10410 | Orc:3    | Found Amasuaqogra's Jewellery Shoppe.
 10411 | Orc:3    | Found Biar's Weapon Emporium.
 10442 | Orc:3    | Bought an uncursed amulet of regeneration for 480 gold pieces
 10571 | Orc:3    | Noticed Donald
 10593 | Orc:3    | Killed Donald
 10619 | Orc:3    | Noticed Nessos
 10750 | Orc:3    | Found a roughly hewn altar of Beogh.
 10752 | Orc:3    | Noticed Rupert
 10764 | Orc:3    | Found a staircase to the Elven Halls.
 10767 | Orc:3    | Killed Rupert
 10842 | Orc:4    | Entered Level 4 of the Orcish Mines
 10910 | Orc:4    | Found Uhugibbu's Magic Scroll Shop.
 10944 | Orc:4    | Found Miru's Food Boutique.
 10960 | Orc:4    | Reached skill level 1 in Armour
 11092 | Orc:4    | Identified the +10 hand axe of Conservatism {freeze, rN+ Int+4} (You found it on level 9 of the Dungeon)
 11095 | Orc:4    | Found Zadun's Antique Armour Shoppe.
 11095 | Orc:4    | Found Weetwuojai's Book Emporium.
 11095 | Orc:4    | Found a one-way gate leading to the halls of Pandemonium.
 11322 | Orc:4    | Gained mutation: You have hoof-like feet. [demonic ancestry]
 11322 | Orc:4    | Reached XP level 14. HP: 85/101 MP: 4/27
 11408 | Orc:4    | Found Qaufruc's Gadget Shoppe.
 11560 | Orc:4    | Bought a steaming helmet for 237 gold pieces
 11565 | Orc:4    | Identified the +2 helmet "Fageul" {Dex+4} (You bought it in a shop on level 4 of the Orcish Mines)
 11567 | Orc:4    | Bought a book of Enchantments for 600 gold pieces
 11645 | Elf:1    | Entered Level 1 of the Elven Halls
 11663 | Elf:1    | Found a radiant altar of Vehumet.
 11666 | Elf:1    | Identified the +1 chain mail "Resap" {+Inv rF+ Dex+3 SInv}
 11727 | Elf:1    | Found Hepsiq's Magic Scroll Shop.
 11746 | Elf:1    | Noticed Agnes
 11755 | Elf:1    | Killed Agnes
 11858 | Elf:1    | Noticed a deep elf sorcerer
 11870 | Elf:1    | Reached skill level 14 in Summonings
 11884 | Elf:1    | Killed a deep elf sorcerer
 12102 | Elf:1    | Reached skill level 10 in Spellcasting
 12179 | Elf:1    | HP: 1/103 [deep elf knight/long sword (15)]
 12181 | Elf:1    | Slain by a deep elf knight

Action                   |  1- 3 |  4- 6 |  7- 9 | 10-12 | 13-15 || total
-------------------------+-------+-------+-------+-------+-------++-------
Melee: Unarmed           |     8 |     5 |       |       |       ||    13
       Dagger            |     5 |       |       |       |       ||     5
       Whip              |    17 |     4 |       |       |       ||    21
       Long sword        |       |    39 |   227 |   393 |   350 ||  1009
       Quarterstaff      |       |     1 |       |       |       ||     1
 Cast: Summon Small Mamm |    31 |       |       |       |       ||    31
       Call Imp          |     9 |     8 |     5 |       |       ||    22
       Call Canine Famil |     5 |    21 |    24 |    14 |       ||    64
       Summon Guardian G |       |     1 |     5 |    10 |     3 ||    19
       Repel Missiles    |       |       |     4 |       |     1 ||     5
       Summon Ice Beast  |       |       |     4 |    50 |     9 ||    63
       Monstrous Menager |       |       |       |    34 |    87 ||   121
Invok: Scrying           |       |       |       |       |     2 ||     2
 Abil: Evoke Flight      |       |       |       |     1 |       ||     1
Evoke: Wand              |       |     1 |    15 |     9 |    13 ||    38
  Use: Scroll            |     6 |     8 |    10 |    13 |     4 ||    41
       Potion            |       |       |     5 |     5 |     9 ||    19
 Stab: Sleeping          |     2 |       |     5 |     3 |       ||    10
       Distracted        |       |     2 |     4 |     5 |     9 ||    20
       Confused          |       |     1 |       |       |       ||     1
       Paralysed         |       |       |       |     5 |     2 ||     7
  Eat: Chunk             |     2 |     7 |    10 |    32 |    34 ||    85
       Beef jerky        |       |     1 |       |     1 |     1 ||     3
       Fruit             |       |       |     4 |       |       ||     4
       Bread ration      |       |       |       |     1 |       ||     1
       Pizza             |       |       |       |       |     1 ||     1
